 Dungeon Crawl Stone Soup version 0.21.0-3-g78d12a8 (console) character file.

3042 ahub the Ruffian (level 9, -10/85 HPs)
             Began as a Troll Monk on Jan 11, 2018.
             Was an Elder of Cheibriados.
             Killed by divine providence
             ... invoked by an orc priest
              (14 damage)
             ... on level 7 of the Dungeon.
             The game lasted 00:15:52 (5281 turns).

ahub the Ruffian (Troll Monk)                       Turns: 5281, Time: 00:15:53

Health: -10/85     AC:  6    Str: 33    XL:     9   Next: 56%
Magic:  0/11       EV: 14    Int: 15    God:    Cheibriados [****..]
Gold:   236        SH:  0    Dex: 21    Spells: 11/12 levels left

rFire    + . .     SeeInvis .     - Unarmed
rCold    + + .     Gourm    +   (no shield)
rNeg     . . .     Faith    .   a - +0 robe
rPois    +         Spirit   +   (helmet restricted)
rElec    +         Reflect  .   m - scarf {cloud immunity}
rCorr    +         Harm     .   (gloves unavailable)
MR       .....     Rnd*Rage +   (boots unavailable)
Stlth    ++........             u - amulet of guardian spirit
HPRegen  0.64/turn              w - ring of protection from cold
MPRegen  0.12/turn              (no ring)

@: about to teleport, resistant, very slow
A: large, unfitting armour, claws 3, berserk 1, fast metabolism 3, gourmand,
poison resistance, regeneration 1, shaggy fur 2, tough skin 2
a: Bend Time, Temporal Distortion, Slouch, Renounce Religion


You were on level 7 of the Dungeon.
You worshipped Cheibriados.
Cheibriados was greatly pleased with you.
You were full.

You visited 1 branch of the dungeon, and saw 7 of its levels.
You also visited: Ossuary.

You collected 236 gold pieces.

Inventory:

Armour
 a - a +0 robe (worn)
 m - a scarf of cloud immunity (worn)
Jewellery
 u - an amulet of guardian spirit (around neck)
 w - a ring of protection from cold (left claw)
Wands
 d - a wand of random effects (32)
Scrolls
 c - 6 scrolls of remove curse
 h - 8 scrolls of teleportation
 k - a scroll of magic mapping
 l - a scroll of fear
 q - 2 scrolls of amnesia
Potions
 e - a potion of cancellation {unknown}
 i - a potion of haste {unknown}
 n - a potion of agility
 o - a potion of might
 p - a potion of resistance
 r - 2 potions of brilliance
 v - a potion of degeneration
Books
 f - a book of Changes

   Spells                             Type                      Level
   a - Beastly Appendage              Transmutation                1
   b - Sticks to Snakes               Transmutation                2
   c - Spider Form                    Transmutation/Poison         3
   d - Ice Form                       Ice/Transmutation            4
   e - Blade Hands                    Transmutation                5
Comestibles
 b - 7 rations


   Skills:
 + Level 4.7 Fighting
 + Level 3.9 Armour
 * Level 6.2 Dodging
 - Level 1.0 Stealth
 * Level 7.7 Unarmed Combat
 + Level 2.3 Spellcasting
 + Level 3.0 Transmutations


You had 11 spell levels left.
You knew the following spells:

 Your Spells              Type           Power        Failure   Level  Hunger
a - Beastly Appendage     Tmut           ##....       6%          1    #......


Dungeon Overview and Level Annotations

Branches:
Dungeon (7/15)             Temple (0/1) D:5

Altars:
Cheibriados
Elyvilon
Hepliaklqana
Qazlal
Sif Muna
Uskayaw
Vehumet
Wu Jian
Xom

Shops:
D:6 [   D:7 !

Annotations:
D:3 Blork the orc


Innate Abilities, Weirdness & Mutations

You are too large for most types of armour.
You have claws for hands.
Your metabolism is lightning-fast.
You like to eat raw meat.
Your natural rate of healing is unusually fast.
You are covered in thick fur. (AC +2)
You have very tough skin. (AC +2)
You tend to lose your temper in combat.
Your system is resistant to poisons. (rPois)


Message History

The orc priest closely misses you. The orc warrior misses you.
You closely miss the orc priest. The orc priest closely misses you.
The orc completely misses you.
You claw the orc priest!
You kill the orc priest!
Cheibriados appreciates the change of pace.
The orc warrior hits you with an antimagic scimitar!
* * * LOW HITPOINT WARNING * * *
The orc priest invokes the aid of Beogh against you.
You struggle to resist.
You closely miss the orc.
The orc hits you with an enchanted mace.
* * * LOW HITPOINT WARNING * * *
The orc warrior closely misses you.
Okay, then.
Okay, then.
As you read the scroll of teleportation, it crumbles to dust.
You feel strangely unstable. The orc completely misses you.
The orc priest invokes the aid of Beogh against you.
Beogh smites you!
You die...

................>.....#.#
#####.................#.#
#.######..##.....<..#
#.#.......##.###....####
#.#.####..##)# #.......#
###.#.# #...#.# #.#####.#
#...#.# #.#.#.# #.....#.#
#.###.# #.....# ####....#
#.....# ####..# ######
####### #..# #o@# #oo##
##..# #..# #..## #...#
##..# .........#
........># ##......##
#......#


You could see an orc warrior, an orc priest and an orc.

Vanquished Creatures
  A troll (D:6)
  A wraith (Ossuary)
  A steam dragon (D:7)
  A hungry ghost (D:7)
  Duvessa (D:7)
  3 sky beasts
  2 ice beasts
  A black bear (D:7)
  An orc warrior (D:6)
  3 ogres
  3 centaurs
  An elf zombie (Ossuary)
  2 bullfrogs (D:6)
  Dowan (D:7)
  A howler monkey (D:4)
  2 crimson imps
  A bullfrog zombie (D:5)
  A quasit (D:6)
  3 hounds
  3 orc priests
  A bullfrog skeleton (D:4)
  3 orc wizards
  An iguana (D:7)
  2 worker ants
  A big kobold zombie (Ossuary)
  2 hound skeletons
  4 mummies
  A howler monkey skeleton (D:6)
  11 adders
  4 gnolls (D:3)
  A shadow imp (D:6)
  2 oozes
  An adder zombie (D:5)
  2 worms
  3 dart slugs
  4 leopard geckos
  24 orcs
  2 giant cockroaches
  10 goblins
  6 hobgoblins
  16 jackals
  7 kobolds
  3 quokkas
  A ball python (D:5)
  2 bats
  6 frilled lizards
  4 goblin zombies (Ossuary)
  4 hobgoblin zombies (Ossuary)
  2 kobold zombies (Ossuary)
  A leopard gecko skeleton (D:7)
  2 quokka skeletons
  10 rats
176 creatures vanquished.

Notes
Turn   | Place    | Note
-------+----------+-------------------------------------------
     0 | D:1      | ahub the Troll Monk began the quest for the Orb.
     0 | D:1      | Reached XP level 1. HP: 22/22 MP: 0/0
   255 | D:1      | Reached XP level 2. HP: 26/29 MP: 1/1
   629 | D:2      | Reached XP level 3. HP: 36/36 MP: 2/2
   661 | D:2      | Found a faded altar of an unknown god.
   779 | D:3      | Reached skill level 1 in Armour
   849 | D:3      | Found a shimmering altar of Xom.
   851 | D:3      | Gained mutation: You have large cloven feet. [potion of mutation]
   851 | D:3      | Gained mutation: Your muscles are strong. (Str +2) [potion of mutation]
   859 | D:3      | Reached XP level 4. HP: 44/44 MP: 3/3
   862 | D:3      | Reached skill level 4 in Unarmed Combat
   930 | D:3      | Found an ornate altar of the Wu Jian Council.
  1025 | D:3      | Reached XP level 5. HP: 33/53 MP: 4/4
  1345 | D:3      | Learned a level 1 spell: Beastly Appendage
  1452 | D:3      | Noticed Blork the orc
  1459 | D:3      | Found a deep blue altar of Sif Muna.
  1631 | D:4      | Reached XP level 6. HP: 49/61 MP: 5/5
  1703 | D:4      | Found a sand-covered staircase.
  1710 | Ossuary  | Entered an ossuary
  1710 | Ossuary  | Noticed a wraith
  1710 | Ossuary  | Noticed a wraith
  1710 | Ossuary  | Noticed a wraith
  1786 | Ossuary  | Reached skill level 5 in Unarmed Combat
  1883 | Ossuary  | Noticed a wraith
  1904 | Ossuary  | Killed a wraith
  1904 | Ossuary  | Reached skill level 1 in Transmutations
  1904 | Ossuary  | Reached XP level 7. HP: 10/67 MP: 5/7
  1978 | Ossuary  | Lost mutation: Your muscles are strong. (Str +2) [potion of mutation]
  1978 | Ossuary  | Gained mutation: You can translocate small distances at will. [potion of mutation]
  1978 | Ossuary  | Gained mutation: You tend to lose your temper in combat. [potion of mutation]
  1978 | Ossuary  | Gained mutation: Your mind is acute. (Int +2) [potion of mutation]
  1978 | Ossuary  | Gained mutation: Your system is resistant to poisons. (rPois) [potion of mutation]
  2079 | Ossuary  | Lost mutation: Your mind is acute. (Int +2) [potion of mutation]
  2079 | Ossuary  | Lost mutation: You can translocate small distances at will. [potion of mutation]
  2079 | Ossuary  | Lost mutation: You have large cloven feet. [potion of mutation]
  2079 | Ossuary  | Gained mutation: You expend magic power (3 MP) to strengthen your wands. [potion of mutation]
  2079 | Ossuary  | Gained mutation: You are resistant to hostile enchantments. (MR+) [potion of mutation]
  2079 | Ossuary  | Gained mutation: Your flesh is cold resistant. (rC+) [potion of mutation]
  2171 | Ossuary  | Lost mutation: Your flesh is cold resistant. (rC+) [potion of mutation]
  2171 | Ossuary  | Lost mutation: You are resistant to hostile enchantments. (MR+) [potion of mutation]
  2171 | Ossuary  | Lost mutation: You tend to lose your temper in combat. [potion of mutation]
  2171 | Ossuary  | Lost mutation: You expend magic power (3 MP) to strengthen your wands. [potion of mutation]
  2171 | Ossuary  | Gained mutation: You tend to lose your temper in combat. [potion of mutation]
  2171 | Ossuary  | Gained mutation: You are covered in thick fur. (AC +2) [potion of mutation]
  2341 | D:4      | Found a white marble altar of Elyvilon.
  2458 | D:4      | Reached skill level 1 in Spellcasting
  2486 | D:4      | Found a hazy altar of Hepliaklqana.
  2739 | D:4      | Found a snail-covered altar of Cheibriados.
  2747 | D:4      | Became a worshipper of Cheibriados the Contemplative
  2747 | D:4      | Reached * piety under Cheibriados
  2747 | D:4      | Reached ** piety under Cheibriados
  2929 | D:5      | Entered Level 5 of the Dungeon
  3213 | D:5      | Found a staircase to the Ecumenical Temple.
  3226 | D:5      | Reached XP level 8. HP: 26/78 MP: 2/8
  3479 | D:5      | Reached skill level 6 in Unarmed Combat
  3535 | D:5      | Found a snail-covered altar of Cheibriados.
  4055 | D:6      | Reached *** piety under Cheibriados
  4164 | D:6      | Reached skill level 5 in Dodging
  4305 | D:6      | Found a hide-covered altar of Uskayaw.
  4307 | D:6      | Noticed a troll
  4319 | D:6      | Killed a troll
  4475 | D:6      | Reached XP level 9. HP: 66/84 MP: 7/10
  4525 | D:6      | Found a stormy altar of Qazlal.
  4538 | D:6      | Reached skill level 7 in Unarmed Combat
  4569 | D:6      | Found Jiesu's Armour Emporium.
  4925 | D:7      | Found Boomacw's Distillery.
  4971 | D:7      | Noticed Duvessa
  4972 | D:7      | Noticed Dowan
  4978 | D:7      | Killed Duvessa
  4978 | D:7      | Reached **** piety under Cheibriados
  4982 | D:7      | Killed Dowan
  5140 | D:7      | Found a radiant altar of Vehumet.
  5280 | D:7      | HP: 3/85 [orc/enchanted mace (4)]
  5281 | D:7      | Killed from afar by an orc priest

Skill      XL: |  1  2  3  4  5  6  7  8  9 |
---------------+----------------------------+-----
Armour         | 1 2 3 |  3.9
Unarmed Combat | 4 5 6 7 |  7.7
Fighting       | 3 4 |  4.7
Dodging        | 3 4 5 6 |  6.2
Transmutations | 1 2 3 |  3.0
Spellcasting   | 1 2 |  2.3
Stealth        | |  1.0

Action                   |  1- 3 |  4- 6 |  7- 9 || total
-------------------------+-------+-------+-------++-------
Melee: Unarmed           |    63 |   188 |   229 ||   480
       Punch             |     1 |     3 |    13 ||    17
       Kick              |       |    44 |     4 ||    48
 Cast: Beastly Appendage |       |       |     1 ||     1
  Use: Scroll            |     4 |       |    11 ||    15
       Potion            |     2 |     1 |    12 ||    15
 Stab: Sleeping          |     3 |     2 |     7 ||    12
  Eat: Chunk             |    13 |    10 |    22 ||    45
Armor: Robe              |    17 |    48 |    64 ||   129
       Skin              |    49 |   112 |       ||   161
Dodge: Dodged            |    40 |    99 |   147 ||   286
